 Dungeon Crawl Stone Soup version 0.25-a0-365-g7600c65aa0 (webtiles) character file.

Game seed: 3736854648998528866, levelgen mode: deterministic

4874 Inarius the Cleaver (level 10, 0/74 HPs)
             Began as a Demonspawn Abyssal Knight on Jan 5, 2020.
             Was a High Priest of Lugonu.
             Killed from afar by an electric eel (10 damage)
             ... with a bolt of electricity
             ... in a bailey.
             The game lasted 00:19:20 (10175 turns).

Inarius the Cleaver (Demonspawn Abyssal Knight)    Turns: 10175, Time: 00:19:20

Health: 0/74       AC: 17    Str: 16    XL:     10   Next: 26%
Magic:  14/14      EV:  4    Int: 13    God:    Lugonu [*****.]
Gold:   195        SH:  0    Dex: 13    Spells: 9/9 levels left

rFire    + . .     SeeInvis .   j - +2 broad axe
rCold    + . .     Gourm    .   (no shield)
rNeg     + + .     Faith    .   v - +0 gold dragon scales
rPois    +         Spirit   .   k - +0 helmet
rElec    .         Reflect  .   (no cloak)
rCorr    .         Harm     .   e - +0 pair of gloves
MR       .....                  (no boots)
Stlth    ..........             (no amulet)
HPRegen  0.22/turn              I - ring of positive energy
MPRegen  0.14/turn              D - ring of positive energy

@: no status effects
A: hooves 2, demonic guardian 1, sturdy frame 2
a: Depart the Abyss, Bend Space, Banish, Corrupt, Enter the Abyss, Renounce
Religion


You were in a bailey.
You worshipped Lugonu.
Lugonu was extremely pleased with you.
You were hungry.

You visited 1 branch of the dungeon, and saw 8 of its levels.
You visited the Abyss 1 time.
You also visited: Bailey.

You collected 395 gold pieces.
You spent 200 gold pieces at shops.

Inventory:

Hand Weapons
 d - a +1 battleaxe
 j - a +2 broad axe (weapon)
Missiles
 u - 14 boomerangs (quivered)
Armour
 e - a +0 pair of gloves (worn)
 k - a +0 helmet (worn)
 p - a +0 plate armour
 v - +0 gold dragon scales (worn)
 F - a +1 scale mail of poison resistance
 H - a +0 ring mail of cold resistance
 J - the +0 cloak "Gehetoos" {rF- rC+ Stlth+}
   (You found it on level 6 of the Dungeon)

   It makes you vulnerable to fire.
   It protects you from cold.
   It makes you more stealthy.
Jewellery
 D - a ring of positive energy (right hand)
 I - a ring of positive energy (left hand)
Wands
 b - a wand of digging (3)
 w - a wand of random effects (10)
 z - a wand of enslavement (6)
 E - a wand of flame (20)
Scrolls
 f - 2 scrolls of immolation
 g - a scroll of teleportation
 h - 5 scrolls of remove curse
 i - a scroll of fog
 n - a scroll of magic mapping {unknown}
 o - 4 scrolls of amnesia
 q - 3 scrolls of fear
 y - 3 scrolls of enchant armour
 C - 2 scrolls of blinking
 P - a scroll of random uselessness {unknown}
Potions
 l - 6 potions of curing
 m - a potion of haste {unknown}
 r - a potion of mutation {unknown}
 s - a potion of resistance {unknown}
 t - 3 potions of brilliance {unknown}
 x - a potion of might {unknown}
 A - a potion of agility
 B - a potion of lignification {unknown}
 G - 5 potions of heal wounds
Comestibles
 a - 14 chunks of flesh
 c - 14 rations


   Skills:
 + Level 5.3 Fighting
 * Level 10.7 Axes
 - Level 0.9 Throwing
 * Level 5.2 Armour
 - Level 0.8 Dodging
 * Level 6.2 Invocations
 + Level 4.6 Evocations


You had 9 spell levels left.
You didn't know any spells.
Your spell library contained the following spells:

 Spells                   Type           Power        Failure   Level  Hunger
 Corona                   Hex            #......      100%        1    ##.....
 Magic Dart               Conj           #...         100%        1    ##.....
 Sting                    Tmut/Pois      #...         100%        1    ##.....
 Blink                    Tloc           N/A          100%        2    ###....
 Call Imp                 Summ           #.......     100%        2    ###....
 Ensorcelled Hibernation  Hex/Ice        #.....       100%        2    ###....
 Poisonous Vapours        Pois/Air       #.....       100%        2    ###....
 Slow                     Hex            #.......     100%        2    ###....
 Confuse                  Hex            #.......     100%        3    ####...
 Conjure Flame            Conj/Fire      #.......     100%        3    ####...
 Dazzling Flash           Conj/Hex       #.....       100%        3    ####...
 Ignite Poison            Fire/Tmut/Pois #.......     100%        3    ####...
 Mephitic Cloud           Conj/Pois/Air  #.......     100%        3    ####...
 Tukima's Dance           Hex            #.......     100%        3    ####...
 Olgreb's Toxic Radiance  Pois           #.......     100%        4    #####..


Dungeon Overview and Level Annotations

Branches:
Dungeon (8/15)             Temple (0/1) D:7          Bailey (1/1)
   Lair: D:8-11

Altars:
Okawaru

Shops:
D:5 !   D:7 :


Innate Abilities, Weirdness & Mutations

You have hoof-like feet.
A weak demonic guardian rushes to your aid.
Your movements are less encumbered by armour. (ER -4)


Message History

Press: ? - help, Shift-Dir - straight line, f/p - orc warrior
Aim: an orc warrior, wielding a +0 war axe and wearing a +0 scale mail (heavily wounded, chance to defeat MR: 60%)
The orc warrior resists with significant effort.
The now-empty wand crumbles to dust.
The orc warrior hits you with a +0 war axe.
* * * LOW HITPOINT WARNING * * *
Evoke which item? (* to show all) (? for menu, Esc to quit)
Aiming: Enslavement
Press: ? - help, Shift-Dir - straight line, f/p - orc warrior
Aim: an orc warrior, wielding a +0 war axe and wearing a +0 scale mail (heavily wounded, chance to defeat MR: 60%)
The orc warrior is charmed.
Things that are here:
a +0 hand axe; a +0 leather armour; a hobgoblin corpse You open the door.
The electric eel shoots out a bolt of lightning at you!
The bolt of electricity hits you.
* * * LOW HITPOINT WARNING * * *
The electric eel shoots out a bolt of lightning at you!
The bolt of electricity hits you!
You die...

≈≈≈≈≈≈≈≈≈≈≈≈≈≈≈≈≈≈≈
≈≈≈≈≈≈≈≈≈≈≈≈≈≈≈≈≈≈≈≈
≈≈≈≈≈≈≈≈≈≈≈≈≈≈≈≈≈≈≈≈
≈≈≈≈≈≈≈≈≈≈≈≈≈≈≈≈≈≈≈≈
≈≈≈≈≈≈≈≈≈≈≈≈≈≈≈≈≈≈≈
≈≈≈≈≈≈≈≈≈≈≈≈≈≈≈≈≈≈
#≈≈≈≈≈≈≈≈≈≈≈≈;####
+.............@o.#
#######'#######).#+#
#.......#.....#....#
#.8.8.8)).....#....#
###.)..)..#####'######
......#[)..#!?#
......#....#!!#
''#####).).#..#
.....##....#..#.#


You could see an electric eel and a friendly orc warrior.

Vanquished Creatures
  An orc knight (Bailey)
  Joseph (D:7)
  A hungry ghost (D:8)
  Menkaure (D:7)
  8 orc warriors
  A phantom (D:8)
  A sky beast (D:8)
  4 centaurs
  2 ogres
  4 killer bees (D:7)
  2 bullfrogs
  A wyvern skeleton (D:7)
  5 scorpions
  3 wights (D:6)
  An electric eel (Bailey)
  2 crimson imps (D:6)
  A bullfrog zombie (D:8)
  A jelly (D:5)
  4 hounds
  2 orc priests (D:3)
  3 orc wizards
  3 centaur skeletons
  2 iguanas
  Jessica (D:2)
  Ijyb (D:4)
  5 worker ants
  A hound zombie (D:7)
  2 worker ant zombies
  7 adders
  12 gnolls
  A shadow imp (D:8)
  An ooze (D:1)
  2 adder zombies
  An adder skeleton (D:7)
  3 worms
  4 dart slugs
  6 leopard geckos
  29 orcs
  3 ball pythons
  4 giant cockroaches
  23 goblins
  14 hobgoblins
  7 jackals
  4 quokkas
  9 bats
  5 frilled lizards
  A jackal skeleton (D:5)
  7 kobolds
  A quokka zombie (D:5)
  5 rats (D:1)
213 creatures vanquished.

Vanquished Creatures (collateral kills)
  An orc high priest (Bailey)
  An orc sorcerer (Bailey)
  2 orc warriors (Bailey)
  3 ogres
  A wight (D:6)
  An orc wizard (D:3)
  A gnoll (Bailey)
  An adder (D:4)
  An orc (D:3)
  3 goblins
  A hobgoblin (Bailey)
16 creatures vanquished.

Vanquished Creatures (others)
  2 killer bees (D:7)
  A wight (D:6)
  A hobgoblin (Bailey)
4 creatures vanquished.

Grand Total: 233 creatures vanquished

Notes
Turn   | Place    | Note
-------+----------+-------------------------------------------
     0 | Abyss:1  | Inarius the Demonspawn Abyssal Knight began the quest for
                  | the Orb.
     0 | Abyss:1  | Reached XP level 1. HP: 18/18 MP: 2/2
   111 | Abyss:2  | Noticed a large abomination
   133 | Abyss:2  | Noticed a sun demon
   133 | Abyss:2  | Found a corrupted altar of Lugonu.
   147 | Abyss:2  | Noticed a freezing wraith
   171 | Abyss:2  | Noticed a small abomination
   177 | D:1      | Escaped the Abyss
   461 | D:1      | Reached * piety under Lugonu
   476 | D:1      | Reached skill level 2 in Axes
   487 | D:1      | Gained mutation: You have large cloven feet. [demonic
                  | ancestry]
   487 | D:1      | Reached XP level 2. HP: 20/24 MP: 3/3
  1025 | D:1      | Gained mutation: A weak demonic guardian rushes to your
                  | aid. [demonic ancestry]
  1025 | D:1      | Reached XP level 3. HP: 29/29 MP: 5/5
  1433 | D:2      | Noticed Jessica
  1434 | D:2      | Reached skill level 3 in Axes
  1437 | D:2      | Killed Jessica
  1437 | D:2      | Reached XP level 4. HP: 26/35 MP: 6/6
  1685 | D:2      | Reached ** piety under Lugonu
  2541 | D:3      | Gained mutation: Your movements are slightly less
                  | encumbered by armour. (ER -2) [demonic ancestry]
  2541 | D:3      | Reached XP level 5. HP: 39/41 MP: 7/7
  2548 | D:3      | Reached skill level 4 in Axes
  2788 | D:3      | Found a faded altar of an unknown god.
  3439 | D:4      | Gained mutation: Your movements are less encumbered by
                  | armour. (ER -4) [demonic ancestry]
  3439 | D:4      | Reached XP level 6. HP: 42/47 MP: 8/8
  4031 | D:4      | Noticed an orc warrior
  4046 | D:4      | Killed an orc warrior
  4046 | D:4      | Reached *** piety under Lugonu
  4046 | D:4      | Reached skill level 5 in Axes
  4046 | D:4      | Reached skill level 1 in Evocations
  4440 | D:4      | Reached XP level 7. HP: 53/53 MP: 9/9
  4942 | D:5      | Entered Level 5 of the Dungeon
  5391 | D:5      | Noticed Ijyb
  5695 | D:4      | Killed Ijyb
  5772 | D:5      | Reached skill level 6 in Axes
  5888 | D:5      | Found Atoruaq's Distillery.
  6001 | D:5      | Bought 3 potions of curing for 90 gold pieces
  6001 | D:5      | Bought a potion of degeneration for 10 gold pieces
  6001 | D:5      | Bought a potion of heal wounds for 50 gold pieces
  6001 | D:5      | Bought a potion of heal wounds for 50 gold pieces
  6591 | D:6      | Reached XP level 8. HP: 60/60 MP: 11/11
  6608 | D:6      | Reached skill level 7 in Axes
  6616 | D:6      | Reached **** piety under Lugonu
  6918 | D:6      | Reached skill level 5 in Invocations
  7082 | D:6      | Got an ichor-stained cloak
  7088 | D:6      | Identified the +0 cloak "Gehetoos" {rF- rC+ Stlth+} (You
                  | found it on level 6 of the Dungeon)
  7602 | D:7      | Got a jewelled quarterstaff
  7603 | D:7      | Identified the +2 quarterstaff "Ituet" {flame, rF+ rC- rN++
                  | Int+3} (You found it on level 7 of the Dungeon)
  7672 | D:7      | Reached skill level 8 in Axes
  7674 | D:7      | Noticed Joseph
  7684 | D:7      | Killed Joseph
  7684 | D:7      | Reached XP level 9. HP: 32/66 MP: 13/13
  7915 | D:7      | Found an iron altar of Okawaru.
  8214 | D:7      | Noticed Menkaure
  8217 | D:7      | Killed Menkaure
  8272 | D:7      | Reached skill level 9 in Axes
  8434 | D:7      | Found a staircase to the Ecumenical Temple.
  8511 | D:7      | Found Ozoat's Book Shoppe.
  9243 | D:8      | Reached skill level 5 in Fighting
  9259 | D:8      | Found a flagged portal.
  9283 | Bailey   | Entered a bailey
  9517 | Bailey   | Noticed an orc knight
  9518 | Bailey   | Found an iron altar of Okawaru.
  9518 | Bailey   | Noticed an orc sorcerer
  9518 | Bailey   | Noticed an orc high priest
  9520 | Bailey   | Noticed a hellwing
  9525 | Bailey   | Killed an orc sorcerer
  9525 | Bailey   | Reached skill level 10 in Axes
  9529 | Bailey   | Noticed an orange demon
  9530 | Bailey   | Killed an orc high priest
  9530 | Bailey   | Reached skill level 5 in Armour
  9530 | Bailey   | Gained mutation: You have hoof-like feet. [demonic
                  | ancestry]
  9530 | Bailey   | Reached XP level 10. HP: 60/74 MP: 14/14
  9549 | Bailey   | Killed an orc knight
  9906 | Bailey   | Reached ***** piety under Lugonu
 10175 | Bailey   | Killed from afar by an electric eel

Levels and vault maps discovered:
D:1:      minmay_arrival_solitary_statue, layout_basic,
          minmay_stone_trees_small, minivault_14
D:2:      layout_basic, uniq_jessica
D:3:      layout_basic, chequers_ecumenical_altar_island, roderic_roman_lattice,
          minmay_misc_feat_diagonals, minmay_statues_item
D:4:      layout_basic, first_ration, grunt_decor_resistance,
          minmay_starry_boxes
D:5:      layout_cave_pools, serial_shops, nicolae_shop_waterfront,
          hangedman_abyss_or_decor_stagger, uniq_ijyb
D:6:      layout_loops_ring
D:7:      nicolae_whirlpool, layout_basic, minmay_temple_entry_mist,
          serial_shops, shop, okawaru_gym_becter, uniq_menkaure, uniq_joseph
D:8:      layout_rooms, basic_altar, enter_bailey_7
Bailey:   bailey_axe_of_yendor_kennysheep, bailey

Skill      XL: |  1  2  3  4  5  6  7  8  9 10 |
---------------+-------------------------------+-----
Axes           | 2 3 4 5 6 8 10 | 10.7
Invocations    | 3 4 5 6 |  6.2
Armour         | 2 3 5 |  5.2
Evocations     | 1 2 3 4 |  4.6
Fighting       | 4 5 |  5.3
Throwing       | |  0.9
Dodging        | |  0.8

Action                   |  1- 3 |  4- 6 |  7- 9 | 10-12 || total
-------------------------+-------+-------+-------+-------++-------
Melee: Battleaxe         |    81 |   222 |   329 |     7 ||   639
       Kick              |    12 |    45 |    86 |    22 ||   165
       Broad axe         |       |       |       |    71 ||    71
Throw: Boomerang         |       |     9 |    17 |       ||    26
Invok: Depart the Abyss  |     1 |       |       |       ||     1
Evoke: Wand              |       |     4 |    34 |     9 ||    47
  Use: Scroll            |       |       |    10 |     2 ||    12
 Stab: Distracted        |       |     1 |     3 |       ||     4
  Eat: Chunk             |     2 |    10 |    13 |     2 ||    27
       Ration            |       |       |     2 |       ||     2
Armor: Leather armour    |    21 |       |       |       ||    21
       Ring mail         |    26 |       |       |       ||    26
       Plate armour      |     8 |   221 |    68 |       ||   297
       Scale mail        |       |       |   103 |       ||   103
       Skin              |       |       |     1 |       ||     1
       Gold dragon scale |       |       |     5 |    41 ||    46
Dodge: Dodged            |    48 |    85 |   206 |    18 ||   357

Table legend:
 A = Non-vault XP
 B = Vault XP
 C = Vault XP percentage of total XP
 D = Non-vault monster count
 E = Vault monster count
 F = Vault count percentage of total count
                 A         B        C        D         E       F
            +---------+---------+-------+---------+---------+-------
      Total |    3643 |    3320 |  47.7 |     179 |      50 |  21.8
            +---------+---------+-------+---------+---------+-------
        D:1 |      53 |       0 |   0.0 |      29 |       0 |   0.0
        D:2 |      50 |      37 |  42.5 |      15 |       1 |   6.2
        D:3 |     199 |       0 |   0.0 |      31 |       0 |   0.0
        D:4 |     407 |     185 |  31.2 |      28 |       5 |  15.2
        D:5 |     410 |       0 |   0.0 |      21 |       0 |   0.0
        D:6 |     922 |       0 |   0.0 |      19 |       0 |   0.0
        D:7 |     665 |     828 |  55.5 |      19 |       4 |  17.4
        D:8 |     937 |       8 |   0.8 |      17 |       4 |  19.0
     Bailey |       0 |    2262 | 100.0 |       0 |      36 | 100.0
            +---------+---------+-------+---------+---------+-------
